[Event "*** Titled Tuesday Blitz"]
[Site "Chess.com"]
[Date "2021.03.30"]
[Round "10"]
[White "StockholmMissile"]
[Black "jacky72"]
[Result "0-1"]
[WhiteElo "2560"]
[BlackElo "2715"]
[TimeControl "180+1"]
[EndTime "11:57:39 PDT"]
[Termination "jacky72 won on time"]

1. d4 Nf6 2. c4 g6 3. Nc3 Bg7 4. e4 O-O 5. h3 d6 6. Be3 c5 7.
Nf3 cxd4 8. Nxd4 b6 9. Be2 Bb7 10. f3 Nbd7 11. O-O Rc8 12. Qd2 Ne5 13. b3 Re8 14.
Rfc1 Nfd7 15. a4 Nc5 16. a5 Nc6 17. Nxc6 Bxc6 18. Ra3 bxa5 19. Nd5 a4 20. bxa4 Rb8 21. Bd1 Bb2 22. Raa1 Bxa1 23. Rxa1 Nb3 24. Bxb3 Rxb3 25. Bxa7 Bxd5 26. cxd5 Qc7 27. Bd4 Qc4 28. Bf2 Reb8 29. a5 Rb2 30. Qd1 Ra2 31. Rxa2 Qxa2 32. Bb6 Rc8 33. Qe1 Rc2 34. Qg3 Rc1+ 35. Kh2 Qe2 36. Qg5 Rc2 37. Qg3 f6 38. Bd8 Kf7 39. h4 Ke8 40.
Bb6 Qf1 41. Qg4 Kf8 42. h5 gxh5 43. Qg3 h4 44. Qg4 h5 45. Qg6 Qxf3 46. Qh6+ Ke8 47. Qg6+ Kd7 48. Qg8 Qf4+ 49. Kh1 Rc1+ 50. Bg1 Qxe4 0-1

[Event "*** Titled Tuesday Blitz"]
[Site "Chess.com"]
[Date "2021.03.30"]
[Round "10"]
[White "ehrenfeld"]
[Black "lacafi"]
[Result "1-0"]
[WhiteElo "2513"]
[BlackElo "2249"]
[TimeControl "180+1"]
[EndTime "11:57:40 PDT"]
[Termination "ehrenfeld won on time"]

1. e4 c6 2. d4 d5 3. exd5 cxd5 4. Bd3 Nf6 5. c3 g6 6. Nf3 Bg7 7. O-O O-O 8. Re1 Nc6 9. Bf4 Nh5 10. Bg5 h6 11.
Bh4 Nf4 12. Bf1 Bg4 13. Nbd2 a6 14. h3 Bf5 15. Nb3 b6 16. Bg3 Ne6 17. Ne5 Nxe5 18. Bxe5 g5 19. a4 f6 20. Bh2 Nc7 21. c4 Kh8 22.
Rc1 Bh7 23. a5 bxa5 24. Nc5 Bg8 25. Qa4 dxc4 26. Qxa5 Qxd4 27. Bxc7 Rac8 28. Bb6 Qxb2 29. Rb1 Qc2 30. Rec1 Qg6 31. Nxa6 e5 32. Nc7 f5 33. Bxc4 Bxc4 34. Rxc4 f4 35. Rbc1 e4 36. Nd5 Rxc4 37.
Rxc4 f3 38. Ne3 fxg2 39. Bd4 Qf7 40. Bxg7+ 1-0

[Event "*** Titled Tuesday Blitz"]
[Site "Chess.com"]
[Date "2021.03.30"]
[Round "10"]
[White "CzechmVIII"]
[Black "dpopadic"]
[Result "0-1"]
[WhiteElo "2217"]
[BlackElo "2298"]
[TimeControl "180+1"]
[EndTime "11:57:40 PDT"]
[Termination "dpopadic won on time"]

1. e4 c5 2. Nf3 Nc6 3. d4 cxd4 4. Nxd4 Nf6 5. Nc3 e5 6. Ndb5 d6 7. Bg5 a6 8. Na3 b5 9. Bxf6 gxf6 10. Nd5 Bg7 11. g3 O-O 12. Bg2 Rb8 13. Qh5 Nd4 14. c3 Ne6 15. Nc2 a5 16. O-O Nc5 17. Nce3 Re8 18.
Rad1 Be6 19. f4 Kh8 20. Kh1 b4 21. cxb4 axb4 22. f5 Bc8 23. Qxf7 Ba6 24. Ng4 Rb7 25. Qh5 Bxf1 26. Rxf1 Rf8 27. Rd1 Ra7 28. Bf1 Nxe4 29. Nh6 Bxh6 30. Qxh6 Nf2+ 31. Kg2 Nxd1 32. Bc4 Nxb2 33.
Bb3 Nd3 34. Qh5 Nc5 35. Bc4 Rg7 36. Qh6 e4 37. Nxb4 Qe7 38. Nd5 Qe5 39. Kf2 Nd3+ 40. Ke3 Qxf5 0-1

[Event "*** Titled Tuesday Blitz"]
[Site "Chess.com"]
[Date "2021.03.30"]
[Round "10"]
[White "UKR_Master"]
[Black "sau6on"]
[Result "1-0"]
[WhiteElo "2538"]
[BlackElo "2367"]
[TimeControl "180+1"]
[EndTime "11:57:42 PDT"]
[Termination "UKR_Master won on time"]

1. e4 c5 2. Nf3 d6 3. c3 Nf6 4. h3 Nc6 5. Bd3 d5 6. e5 Nd7 7.
Bb5 e6 8. O-O Be7 9. Qe2 a6 10.
Ba4 b5 11. Bc2 c4 12. d4 cxd3 13. Bxd3 O-O 14. Bf4 Bb7 15. Rd1 Re8 16. Bc2 f5 17.
exf6 Bxf6 18. Nbd2 e5 19. Bg3 e4 20. Nh2 Qe7 21. Bb3 Na5 22. Ng4 Bg5 23. Ne3 Nxb3 24. Nxb3 Nb6 25. Nd4 Rad8 26. Qg4 Bf6 27. Nef5 Qd7 28.
Nd6 Qxg4 29. hxg4 Re7 30. N4f5 Red7 31. Rac1 Ba8 32. Bf4 g6 33. Nh6+ Kg7 34. g5 Be7 35.
Ndf7 1-0

[Event "*** Titled Tuesday Blitz"]
[Site "Chess.com"]
[Date "2021.03.30"]
[Round "10"]
[White "Isajevsky_Anton"]
[Black "ChessQueen"]
[Result "0-1"]
[WhiteElo "2542"]
[BlackElo "2707"]
[TimeControl "180+1"]
[EndTime "11:57:45 PDT"]
[Termination "ChessQueen won by resignation"]

1. c4 Nf6 2. Nc3 e5 3. Nf3 Nc6 4. e3 d5 5. cxd5 Nxd5 6. Bb5 Nxc3 7. bxc3 e4 8. Nd4 Bd7 9. O-O Bd6 10. Nxc6 bxc6 11.
Bc4 h5 12. f4 h4 13. a4 Qe7 14.
Rb1 a5 15. Qe2 Kf8 16. Bb2 Bf5 17. Ba1 Bc5 18. Rb7 Rd8 19. Rfb1 g6 20. Bb2 Kg7 21. Bc1 Qd7 22. R7b3 Bb6 23. R1b2 Bg4 24. Qf2 Bd1 25. Ra3 Bc5 26. Raa2 Bg4 27. Be2 Be6 28. Ra1 Qe7 29.
Rc2 Rb8 30. c4 Qf6 31. Raa2 Rb1 32. Bf1 Rhb8 33. Qe2 R8b3 34. Qf2 Bg4 35. h3 Bd1 36. Kh2 Bxc2 37. Rxc2 Ba3 38. Bxa3 Rxa3 39. c5 Raa1 0-1

[Event "*** Titled Tuesday Blitz"]
[Site "Chess.com"]
[Date "2021.03.30"]
[Round "10"]
[White "DKmirl"]
[Black "MIJuanReyesRosa"]
[Result "0-1"]
[WhiteElo "1922"]
[BlackElo "2113"]
[TimeControl "180+1"]
[EndTime "11:57:45 PDT"]
[Termination "MIJuanReyesRosa won on time"]

1. d4 e6 2. c4 a6 3. Nf3 c5 4. e3 d5 5. Nc3 Nf6 6. cxd5 exd5 7. dxc5 Bxc5 8. Be2 Nc6 9. O-O O-O 10. b3 Be6 11. Bb2 Qe7 12. Rc1 Bd6 13. h3 Rfd8 14. Nd4 Rac8 15.
Nxe6 Qxe6 16. Bf3 Ne4 17. Nxe4 dxe4 18. Bg4 Qg6 19. Qc2 f5 20. Qc4+ Kh8 21. Be2 h6 22. h4 Bb8 23. h5 Qd6 24. Qc3 Qd7 25. Rfd1 Qe7 26. Rxd8+ Rxd8 27. Bxa6 Be5 28. Qc5 Bxb2 29. Qxe7 Nxe7 30. Rc2 bxa6 31. Rxb2 Nd5 32. Rd2 Kg8 33. a4 Kf7 34. b4 Ke7 35. b5 axb5 36. axb5 Kd6 37.
Ra2 Rb8 38. Ra7 Nc7 0-1

[Event "*** Titled Tuesday Blitz"]
[Site "Chess.com"]
[Date "2021.03.30"]
[Round "10"]
[White "Nice_2_M8te_U"]
[Black "WPWPWP-2015"]
[Result "0-1"]
[WhiteElo "2556"]
[BlackElo "2482"]
[TimeControl "180+1"]
[EndTime "11:57:46 PDT"]
[Termination "WPWPWP-2015 won by resignation"]

1. d4 Nf6 2. Nc3 c5 3. d5 d6 4. e4 e6 5. Bb5+ Bd7 6. a4 Be7 7. Nf3 exd5 8. exd5 O-O 9. O-O a6 10. Be2 Bg4 11. Bf4 Nbd7 12. Re1 Re8 13. a5 Nh5 14. Be3 Bf8 15. Qd2 h6 16. h3 Bxf3 17. Bxf3 Nhf6 18. Bf4 Rxe1+ 19. Qxe1 Qc7 20. Qd2 Re8 21. g4 Ne5 22.
Bg2 Ng6 23. Bg3 Qe7 24. Kh2 Ne5 25. b3 Ng6 26. f4 Qe3 27. Qxe3 Rxe3 28. Na4 Re2 29.
c4 Ne4 30. Rf1 Be7 31. f5 Nh4 32. Bxh4 Bxh4 33. Rf3 Bf6 34. Kg1 Bd4+ 35. Kf1 Ra2 36. Rd3 Ra1+ 37. Ke2 Ra2+ 38. Kf3 Ng5+ 39. Kf4 Rxg2 40.
h4 Be5+ 41. Ke3 Rg3+ 42. Ke2 Rxd3 43. Kxd3 Nf3 44. h5 Nh2 45. g5 hxg5 46. Ke4 Ng4 47. Nb6 Nf6+ 48. Kf3 g4+ 49. Kg2 Nxh5 50. Nd7 f6 51. Nb8 Kf7 52. Nc6 Ke8 53. b4 bxc6 54. dxc6 cxb4 55. c7 Kd7 56. c8=Q+ Kxc8 0-1

[Event "*** Titled Tuesday Blitz"]
[Site "Chess.com"]
[Date "2021.03.30"]
[Round "10"]
[White "xozr"]
[Black "UCantHandleDenker"]
[Result "0-1"]
[WhiteElo "2364"]
[BlackElo "2538"]
[TimeControl "180+1"]
[EndTime "11:57:47 PDT"]
[Termination "UCantHandleDenker won by checkmate"]

1. e4 d6 2. d4 Nf6 3. Nc3 e5 4. dxe5 dxe5 5. Qxd8+ Kxd8 6. Bg5 c6 7. O-O-O+ Ke8 8.
Bxf6 gxf6 9. g3 Bb4 10. Nge2 Nd7 11. a3 Bc5 12. f4 b5 13. Bh3 Nb6 14. Bxc8 Rxc8 15.
Rd3 a5 16. Rf1 Ke7 17. fxe5 fxe5 18. g4 Rhg8 19. h3 Nc4 20. Ng3 Nd6 21. Nf5+ Nxf5 22. Rxf5 f6 23. Ne2 Ke6 24. Ng3 Rcd8 25. Nh5 Be7 26.
Kd2 c5 27. Ng3 c4 28. Rxd8 Rxd8+ 29. Ke2 b4 30. axb4 axb4 31. Rh5 c3 32. bxc3 bxc3 33. Nf1 Rd4 34. Rxh7 Rxe4+ 35. Kd3 Rd4+ 36. Kxc3 Rf4 37. Kd3 Rxf1 38. h4 Rg1 39. Rg7 Rg3+ 40. Ke4 Rc3 41. g5 f5# 0-1

[Event "*** Titled Tuesday Blitz"]
[Site "Chess.com"]
[Date "2021.03.30"]
[Round "10"]
[White "picturesquecheck"]
[Black "McCarthyStone"]
[Result "1-0"]
[WhiteElo "2285"]
[BlackElo "2404"]
[TimeControl "180+1"]
[EndTime "11:57:48 PDT"]
[Termination "picturesquecheck won by resignation"]

1. e4 d6 2. d3 Nf6 3. Nd2 g6 4. g3 Bg7 5. Bg2 O-O 6. Ne2 d5 7. O-O c5 8. e5 Nfd7 9. f4 Nc6 10. c3 e6 11. d4 cxd4 12. cxd4 Nb6 13. Nb3 Nc4 14.
Kh1 b6 15. g4 Qh4 16. Ng3 a5 17. f5 a4 18. Nd2 Ne3 19. Nf3 Qxg3 20. Bxe3 Qxg4 21.
f6 Bh8 22. Rg1 Ba6 23. Rc1 Rfc8 24. Bf1 Qe4 25. Bxa6 Rxa6 26. Bf2 Raa8 27. Re1 Qf5 28.
Bg1 Nb4 29. Rxc8+ Rxc8 30. a3 Nd3 31. Rf1 Nxb2 32. Qa1 Rc2 33. Qb1 h5 34. Nd2 Qd3 35. Nf3 Nc4 36. Qb5 Nd6 37. Qxd3 Rc4 38. exd6 Bxf6 39. Ne5 Bd8 1-0

[Event "*** Titled Tuesday Blitz"]
[Site "Chess.com"]
[Date "2021.03.30"]
[Round "10"]
[White "larisakalinina"]
[Black "MYMChessAcademy"]
[Result "1-0"]
[WhiteElo "1976"]
[BlackElo "2141"]
[TimeControl "180+1"]
[EndTime "11:57:48 PDT"]
[Termination "larisakalinina won on time"]

1. e4 c5 2. Nf3 d6 3. d4 cxd4 4. Nxd4 Nf6 5. Nc3 a6 6. f4 e6 7. Nf3 Be7 8. Bd3 O-O 9. O-O Qc7 10. Qe1 Nc6 11. e5 Nd7 12. Qe4 g6 13. exd6 Bxd6 14.
Ng5 Nc5 15. Qf3 Nxd3 16. Qh3 f6 17. Nxh7 Bc5+ 18. Kh1 Nf2+ 19. Rxf2 Bxf2 20. Nxf8 e5 21. Qf3 Bc5 22. Nxg6 Nd4 23. Qg3 Nf5 24. Qd3 Bf8 25. Nd5 Qd6 26. Nxf8 Kxf8 27. fxe5 Qxe5 28. Bf4 Qe6 29.
Nc7 Qg8 30. Nxa8 Qh7 31. Bd6+ Ke8 32. Re1+ Kd7 33. Bf4+ 1-0

[Event "*** Titled Tuesday Blitz"]
[Site "Chess.com"]
[Date "2021.03.30"]
[Round "10"]
[White "Nachsueb"]
[Black "Das_Virus_2020"]
[Result "1-0"]
[WhiteElo "2190"]
[BlackElo "2427"]
[TimeControl "180+1"]
[EndTime "11:57:49 PDT"]
[Termination "Nachsueb won on time"]

1. d4 Nf6 2. c4 c5 3. d5 b5 4.
cxb5 a6 5. Nc3 axb5 6. e4 b4 7.
Nb5 d6 8. Bc4 g6 9. e5 dxe5 10. d6 exd6 11. Bg5 Ra6 12. Nf3 Be7 13. Bh6 Be6 14. Bxe6 fxe6 15. Qb3 Nd5 16. O-O Nc6 17.
Rfd1 Nd4 18. Nbxd4 cxd4 19. Bg7 Rg8 20. Bh6 Qb6 21. Rac1 Kd7 22. Bg5 Qa5 23. Bxe7 Kxe7 24. Ng5 h6 25. Ne4 Qxa2 26. Qh3 Rh8 27. Qh4+ Kf7 28.
Ng5+ hxg5 29. Qxh8 Qxb2 30. Qh7+ Kf6 31. Qg8 Ra7 32.
Rc8 Rf7 33. Rf8 1-0

[Event "*** Titled Tuesday Blitz"]
[Site "Chess.com"]
[Date "2021.03.30"]
[Round "10"]
[White "BeyondMadness"]
[Black "mamonika"]
[Result "1-0"]
[WhiteElo "2266"]
[BlackElo "2054"]
[TimeControl "180+1"]
[EndTime "11:57:50 PDT"]
[Termination "BeyondMadness won on time"]

1. d4 d5 2. c4 e6 3. Nc3 c6 4. Nf3 dxc4 5. a4 Bb4 6. e3 b5 7. Bd2 Bd7 8. axb5 cxb5 9. Ne4 Bxd2+ 10. Qxd2 Qb6 11. Qb4 Ne7 12. Nd6+ Kf8 13. Ne5 Nec6 14. Ndxc4+ Nxb4 15. Nxb6 Nc2+ 16. Kd2 Nxa1 17. Nxa8 Nb3+ 18. Kc3 Na5 19. Nxd7+ Nxd7 20. Bxb5 Ke7 21. Ra1 Rxa8 22. Rxa5 Nb6 23. Kd3 Kd6 24. e4 f6 25. f4 Kc7 26.
Ra3 Kd6 27. e5+ fxe5 28. fxe5+ Ke7 29. Rc3 Rc8 30. g3 Rxc3+ 31. bxc3 a5 32. c4 h5 33. h4 Kd8 34. Kc3 Ke7 35. Bc6 Kf7 36. c5 Nd5+ 37. Bxd5 exd5 38. Kb3 Ke6 39. Ka4 Kd7 40. Kxa5 Kc6 41.
Kb4 1-0

[Event "*** Titled Tuesday Blitz"]
[Site "Chess.com"]
[Date "2021.03.30"]
[Round "10"]
[White "campomania3"]
[Black "kuba2006"]
[Result "0-1"]
[WhiteElo "2221"]
[BlackElo "2336"]
[TimeControl "180+1"]
[EndTime "11:57:51 PDT"]
[Termination "kuba2006 won on time"]

1. d4 b6 2. Nf3 Bb7 3. Bf4 e6 4. e3 f5 5. Be2 Nf6 6. h3 Bb4+ 7. c3 Be7 8. O-O O-O 9. c4 d6 10. Nc3 Qe8 11. Rc1 Nbd7 12. b4 Ne4 13. Nxe4 Bxe4 14.
Nd2 Qg6 15. Nxe4 fxe4 16. c5 Nf6 17. cxd6 Bxd6 18. Bxd6 cxd6 19. Qb3 Nd5 20. Bc4 Qf5 21. Bxd5 exd5 22. Rc6 Rf6 23. b5 Raf8 24. Qc2 Rg6 25.
Kh2 h5 26. Rc7 Rff6 27. Rxa7 Kh7 28. Ra8 Rf7 29. Qc8 Re6 30. Qh8+ Kg6 31. g4 hxg4 32.
hxg4 Qg5 33. Qh5+ Qxh5+ 34. gxh5+ Kxh5 35. Rh8+ Kg4 36. Rh3 Rh6 37. Rxh6 gxh6 38. Kg2 Ra7 39. Ra1 Ra3 40. Kg1 Kf3 41. Kf1 h5 42. Kg1 h4 43. Kf1 h3 44. Kg1 h2+ 45. Kxh2 Kxf2 46. Rc1 Kxe3 47. Rc6 Kxd4 48. Rxb6 Kc5 49. Rc6+ Kxb5 50.
Rxd6 Kc4 51. Kg2 Rxa2+ 52. Kg3 d4 0-1

[Event "*** Titled Tuesday Blitz"]
[Site "Chess.com"]
[Date "2021.03.30"]
[Round "10"]
[White "ChessFunMaker"]
[Black "Spriteball"]
[Result "1-0"]
[WhiteElo "2260"]
[BlackElo "2336"]
[TimeControl "180+1"]
[EndTime "11:57:52 PDT"]
[Termination "ChessFunMaker won by resignation"]

1. c4 e6 2. g3 d5 3. d4 Nf6 4. Nf3 Be7 5. Bg2 O-O 6. O-O dxc4 7. Qc2 a6 8. a4 Bd7 9. Rd1 Bc6 10. Nc3 a5 11. e4 Na6 12. Ne5 Nb4 13. Qe2 Be8 14.
Nxc4 Qc8 15. Bf4 Bc6 16. d5 Bd7 17. d6 cxd6 18. Nb6 Qc7 19. Nxa8 Rxa8 20. e5 dxe5 21. Bxe5 Qc8 22. Rac1 Bc6 23. Bxc6 Nxc6 24. Ne4 Nd5 25. Bc3 Qe8 26. Qb5 Rb8 27. Qe2 Ncb4 28. Bxb4 Bxb4 29.
Nc3 Bxc3 30. bxc3 Qxa4 31. c4 Nb4 32. Qe5 Re8 33. Qc7 b5 34. Rd8 bxc4 35. Qe7 1-0

[Event "*** Titled Tuesday Blitz"]
[Site "Chess.com"]
[Date "2021.03.30"]
[Round "10"]
[White "OparinGrigoriy"]
[Black "Zhigalko_Sergei"]
[Result "0-1"]
[WhiteElo "2985"]
[BlackElo "2918"]
[TimeControl "180+1"]
[EndTime "11:57:54 PDT"]
[Termination "Zhigalko_Sergei won by resignation"]

1. g3 d5 2. Bg2 c6 3. Nf3 Bg4 4. O-O Nd7 5. h3 Bh5 6. d4 e6 7. c4 Ngf6 8. cxd5 exd5 9. Nh4 Bg6 10. Nc3 Bb4 11. Nxg6 hxg6 12. Qd3 O-O 13. Bg5 Re8 14.
h4 Be7 15. Bf3 Nf8 16. Kg2 Ne6 17. Bd2 c5 18. dxc5 Nxc5 19. Qc2 Rc8 20. Rad1 d4 21.
Na4 Ne6 22. Qd3 Qd7 23. b3 b5 24. Nb2 Ba3 25. Qb1 Nd5 26. Be1 Nef4+ 27. gxf4 Nxf4+ 28. Kg1 Nxe2+ 29. Bxe2 Rxe2 30. Qd3 Rxb2 31. Qxd4 Qxd4 32. Rxd4 Rxa2 33. b4 Rcc2 34. Rd8+ Kh7 35. Rd7 Bb2 36. Rxf7 Bf6 37. Kg2 Ra1 38. Rf8 Re2 39.
Bc3 Bxc3 0-1

[Event "*** Titled Tuesday Blitz"]
[Site "Chess.com"]
[Date "2021.03.30"]
[Round "10"]
[White "Eltaj_Safarli"]
[Black "ChessWarrior7197"]
[Result "1/2-1/2"]
[WhiteElo "2892"]
[BlackElo "2913"]
[TimeControl "180+1"]
[EndTime "11:57:55 PDT"]
[Termination "Game drawn by repetition"]

1. e4 c6 2. d4 d5 3. exd5 cxd5 4. c4 Nf6 5. Nc3 e6 6. Nf3 Bb4 7. cxd5 Nxd5 8. Bd2 Nc6 9. Bd3 O-O 10. O-O Be7 11. Re1 b6 12. Nxd5 Qxd5 13. Be4 Qd6 14. Qc2 Bb7 15.
Bxh7+ Kh8 16. Be4 Bf6 17. Bc3 Rfd8 18. Rad1 Nb4 19. Bxb4 Bxe4 20. Rxe4 Qxb4 21. h4 Rac8 22. Qe2 Qc4 23. Qe3 Rd5 24. g4 Qc2 25. Re1 Qxb2 26. g5 Rc3 27. Qf4 Rf5 28. Qb8+ Kh7 29. R1e2 Qb1+ 30.
Ne1 Bxg5 31. hxg5 Rxg5+ 32. Kh2 Rh5+ 33. Kg2 Rg5+ 34. Kh2 Rh5+ 35. Kg2 Rch3 36. Qf4 f5 37. Rxe6 R3h4 38. Qf3 Rg4+ 39. Kf1 Rgh4 40. Kg1 Rg4+ 41. Kf1 Rgh4 42. Qg3 Rg4 43. Qf3 1/2-1/2

[Event "*** Titled Tuesday Blitz"]
[Site "Chess.com"]
[Date "2021.03.30"]
[Round "10"]
[White "Piotrek1979"]
[Black "CM_rui"]
[Result "1-0"]
[WhiteElo "2355"]
[BlackElo "2433"]
[TimeControl "180+1"]
[EndTime "11:57:55 PDT"]
[Termination "Piotrek1979 won on time"]

1. Nf3 Nf6 2. b3 e6 3. Bb2 d5 4. c4 c5 5. e3 Nc6 6. cxd5 exd5 7. Bb5 Bd6 8. O-O O-O 9. d4 Bg4 10. dxc5 Bxc5 11. Nc3 d4 12. Na4 Bb4 13. Bxc6 bxc6 14. Qxd4 Bxf3 15. Qxb4 Nd5 16. Qd4 Qg5 17. Qxg7+ Qxg7 18. Bxg7 Bxg2 19. Bxf8 Bxf1 20. Bh6 Bh3 21. Kh1 f5 22. Rg1+ Kf7 23. f3 Re8 24. Rg7+ Kf6 25. Rg3 Bf1 26. Kg1 Bd3 27. Kf2 f4 28. Bxf4 Nxf4 29. exf4 Re2+ 30. Kg1 Rxa2 31. Nc5 Bb5 32. Rg5 h6 33. Ne4+ Kf7 34. Rf5+ Kg6 35. Rf6+ Kg7 36. Rd6 a5 37. f5 Rb2 38. Rd7+ Kf8 39. f6 c5 40. Rc7 Rxb3 41. Nd6 Ba6 42. Ra7 1-0

[Event "*** Titled Tuesday Blitz"]
[Site "Chess.com"]
[Date "2021.03.30"]
[Round "10"]
[White "annamaja"]
[Black "Chessbard1972"]
[Result "0-1"]
[WhiteElo "2330"]
[BlackElo "2247"]
[TimeControl "180+1"]
[EndTime "11:57:55 PDT"]
[Termination "Chessbard1972 won by resignation"]

1. e4 c5 2. Nf3 a6 3. g3 d5 4. exd5 Qxd5 5. Bg2 Qe6+ 6. Kf1 Nc6 7. d3 Qd6 8. Nc3 Nf6 9. Bf4 e5 10. Qe2 Nd7 11. Nd2 Be7 12. Nc4 Qe6 13. Nd5 Bd6 14.
h4 Nd4 15. Qe4 f5 16. Qe1 Nxc2 17. Qa5 O-O 18. Ndb6 Nxb6 19. Nxb6 Bc7 20. Bd5 Qxd5 21. Nxd5 Bxa5 22. Rc1 exf4 23. Rxc2 fxg3 24. Rxc5 Bd8 25. fxg3 Be6 26. Nf4 Bxa2 27. Kg2 Bb6 28. Re5 Rae8 29. Rhe1 Rxe5 30. Rxe5 g6 31. Re7 Rf7 32. Re8+ Kg7 33.
h5 g5 34. Nh3 h6 35. Rc8 Bd5+ 36. Kh2 Bc6 37. Rb8 Rd7 38. Ng1 Bxg1+ 39. Kxg1 Rxd3 40. Kf2 Rd2+ 41. Ke3 Rxb2 42. Kd3 Rb3+ 43. Kd4 Rxg3 44.
Ke5 Re3+ 45. Kxf5 Rf3+ 46. Kg4 Rf4+ 47. Kg3 Rh4 0-1

[Event "*** Titled Tuesday Blitz"]
[Site "Chess.com"]
[Date "2021.03.30"]
[Round "10"]
[White "Andrii_Prydun"]
[Black "JiiHart"]
[Result "1-0"]
[WhiteElo "2271"]
[BlackElo "2060"]
[TimeControl "180+1"]
[EndTime "11:57:55 PDT"]
[Termination "Andrii_Prydun won on time"]

1. d4 Nf6 2. Nc3 e6 3. e4 d5 4. exd5 exd5 5. Bg5 Be7 6. Qd2 a5 7. O-O-O a4 8. Re1 O-O 9. a3 c6 10. Qe3 Be6 11. Nge2 Re8 12. f3 b5 13. Nf4 Bd7 14. Nh5 Na6 15. Bd3 Nc7 16. Re2 Ne6 17. Bxf6 Bxf6 18.
Nxf6+ Qxf6 19. Rhe1 Qxd4 20. Qd2 Qf6 21. Re5 Nc7 22.
Qe2 Rxe5 23. Qxe5 Qxe5 24. Rxe5 Re8 25. Rxe8+ Nxe8 26. b4 Nd6 27. Kd2 Bf5 28. Be2 Nc4+ 29. Bxc4 dxc4 30. Ke3 g5 31. Kd4 Kf8 32. Kc5 Bd7 33.
Kd6 Ke8 34. Ne4 Kd8 35. Nf6 Bf5 36. c3 h6 37. Kxc6 Bd3 38. Kxb5 Bf1 39. g3 Bg2 40. f4 Kc7 41. Kxa4 Kb6 42. Nd7+ Kc6 43. Nc5 Bf1 44. Ka5 f5 45. a4 gxf4 46. Ka6 h5 47. gxf4 h4 48. Ka7 Bd3 49. Kb8 Bc2 50. a5 1-0

[Event "*** Titled Tuesday Blitz"]
[Site "Chess.com"]
[Date "2021.03.30"]
[Round "10"]
[White "annacramling"]
[Black "stepakyedael"]
[Result "0-1"]
[WhiteElo "2077"]
[BlackElo "2261"]
[TimeControl "180+1"]
[EndTime "11:57:55 PDT"]
[Termination "stepakyedael won on time"]

1. d4 Nf6 2. c4 g6 3. Nc3 Bg7 4. e4 d6 5. h3 O-O 6. Bg5 Qe8 7.
Nf3 Na6 8. Be2 e5 9. O-O exd4 10.
Qxd4 Nd7 11. Qe3 c6 12. Rad1 Qe6 13. Bh6 Re8 14. Bxg7 Kxg7 15. Qd4+ Ne5 16. Qxd6 Nxf3+ 17. Bxf3 Qxc4 18. e5 Be6 19. Ne4 Qb4 20. Nf6 Rec8 21. Qxb4 Nxb4 22. a3 Na6 23. Bg4 Bxg4 24. hxg4 Rd8 25. g5 Nc5 26. Rd6 h6 27. b4 Ne6 28.
gxh6+ Kxh6 29. Rfd1 Kg7 30. Rd7 Rxd7 31. Rxd7 Rb8 32. Kf1 b6 33. Ke2 c5 34. Rxa7 Nd4+ 0-1

[Event "*** Titled Tuesday Blitz"]
[Site "Chess.com"]
[Date "2021.03.30"]
[Round "10"]
[White "Sofiia_Hryzlova"]
[Black "ljuks68"]
[Result "0-1"]
[WhiteElo "2326"]
[BlackElo "2471"]
[TimeControl "180+1"]
[EndTime "11:57:56 PDT"]
[Termination "ljuks68 won by resignation"]

1. c4 c6 2. e3 d5 3. Nf3 Nf6 4. Nc3 e6 5. Qc2 Nbd7 6. b3 Bd6 7. d4 O-O 8. Bb2 a6 9. Be2 b5 10. a3 Bb7 11. c5 Bc7 12. O-O Re8 13. e4 dxe4 14.
Nxe4 Nxe4 15. Qxe4 Nf6 16. Qh4 Nd5 17. Qg4 Bc8 18.
Bd3 e5 19. Qh5 e4 20. Ng5 Nf6 21. Qxf7+ Kh8 22. d5 Be5 23. Bxe4 h6 24. Bxe5 Rxe5 25.
f4 Re7 26. Qg6 hxg5 27. Bc2 g4 28. Rae1 cxd5 29. Re5 Kg8 30. Rg5 Ne4 31. Qh7+ Kxh7 32. Rh5+ Kg8 33. Rh8+ Kxh8 34. f5 Qc7 0-1

[Event "*** Titled Tuesday Blitz"]
[Site "Chess.com"]
[Date "2021.03.30"]
[Round "10"]
[White "FMalexhdez"]
[Black "Mili_Brizzi"]
[Result "0-1"]
[WhiteElo "2212"]
[BlackElo "2301"]
[TimeControl "180+1"]
[EndTime "11:57:56 PDT"]
[Termination "Mili_Brizzi won by resignation"]

1. e4 c6 2. d4 d5 3. exd5 cxd5 4. Bd3 Nc6 5. c3 Qc7 6. Ne2 g6 7. Bf4 Qd8 8. Nd2 Nf6 9. h3 Bf5 10. Nf3 Bxd3 11. Qxd3 Bg7 12. O-O O-O 13. Ng3 Rc8 14. Rfe1 e6 15. Ne5 Nxe5 16. Bxe5 Nd7 17.
Bxg7 Kxg7 18. a4 Nb6 19. b3 a5 20. Reb1 Qc7 21. Rc1 Rfd8 22. Rc2 Nd7 23. Rac1 Qb6 24.
Qb5 Rc6 25. Ne2 Rdc8 26. c4 Qc7 27. c5 e5 28. dxe5 Qxe5 29. Qxb7 Nxc5 30. Qb5 d4 31. Ng3 d3 32. Rd2 Qf4 33. Rcd1 h5 34. Nf1 Ne4 35. Rxd3 Qxf2+ 36. Kh1 Rc1 37. Rd7 Rxd1 38. Rxd1 Rc2 39. Qe5+ Nf6 40. Ne3 Re2 41. Rf1 Qxf1+ 0-1

[Event "*** Titled Tuesday Blitz"]
[Site "Chess.com"]
[Date "2021.03.30"]
[Round "10"]
[White "rachidhuilda"]
[Black "HouseOfDurin"]
[Result "0-1"]
[WhiteElo "2269"]
[BlackElo "2168"]
[TimeControl "180+1"]
[EndTime "11:57:57 PDT"]
[Termination "HouseOfDurin won on time"]

1. d4 Nf6 2. Bg5 Ne4 3. Bf4 c5 4. f3 Nf6 5. dxc5 Qa5+ 6. Nc3 Qxc5 7.
e4 d6 8. Qd2 g6 9. O-O-O Bg7 10.
h4 h5 11. Kb1 O-O 12. Bh6 Be6 13. Bxg7 Kxg7 14. Nge2 Nc6 15. Nf4 Bd7 16. Nfd5 Nxd5 17. Nxd5 Rac8 18. g4 hxg4 19. h5 Rh8 20. h6+ Kf8 21.
fxg4 Bxg4 22. Rc1 Be6 23. Bh3 Nd4 24. c3 Bxd5 25. exd5 Nf3 26. Qf4 Ne5 27. Bxc8 Qxc8 28. Rhf1 Ke8 29. Qd4 Rxh6 30. Rce1 Rh2 31. Rh1 Qh3 32.
Rxh2 Qxh2 33. Qg1 Qd2 34. Rd1 Qe2 35. Ka1 Nd3 0-1

[Event "*** Titled Tuesday Blitz"]
[Site "Chess.com"]
[Date "2021.03.30"]
[Round "10"]
[White "gvanna"]
[Black "m-garcett"]
[Result "1-0"]
[WhiteElo "2396"]
[BlackElo "2151"]
[TimeControl "180+1"]
[EndTime "11:57:58 PDT"]
[Termination "gvanna won by resignation"]

1. e4 c5 2. Nf3 d6 3. Nc3 Nf6 4. d4 cxd4 5. Nxd4 a6 6. Be3 e6 7.
f3 b5 8. Qd2 Bb7 9. O-O-O Nbd7 10. Nb3 Rc8 11. g4 Nb6 12. g5 Nfd7 13. a3 Be7 14. h4 d5 15. Kb1 Ne5 16. Bxb6 Qxb6 17. exd5 O-O 18. Qf4 Nc4 19. Bxc4 bxc4 20. d6 cxb3 21.
dxe7 bxc2+ 22. Kxc2 Rfe8 23. Rd7 Bd5 24. Qb4 Qf2+ 25.
Kb1 Bxf3 26. Rc1 Bc6 27. Ne4 Qf5 28. Rxc6 Rxc6 29. Rd8 Rc8 30. Qd4 Qf1+ 31. Ka2 Qb5 32. Nd6 Qd7 33. Nxc8 Qxe7 34. Nxe7+ 1-0

[Event "*** Titled Tuesday Blitz"]
[Site "Chess.com"]
[Date "2021.03.30"]
[Round "10"]
[White "Beca95"]
[Black "GMKrikor"]
[Result "1-0"]
[WhiteElo "2910"]
[BlackElo "2836"]
[TimeControl "180+1"]
[EndTime "11:57:59 PDT"]
[Termination "Beca95 won on time"]

1. d4 Nf6 2. c4 g6 3. Nc3 d5 4. Nf3 Bg7 5. Qb3 dxc4 6. Qxc4 O-O 7. e4 Nc6 8. Be3 Ng4 9. e5 Nxe3 10. fxe3 e6 11. h4 h6 12. O-O-O a6 13. Bd3 Bd7 14. Bb1 b5 15. Qe2 Nb4 16. h5 g5 17. a3 Nd5 18.
Nxd5 exd5 19. Qc2 Re8 20. Rhf1 Be6 21. Ne1 c5 22. Qh7+ Kf8 23. Nd3 cxd4 24. exd4 Rc8+ 25. Bc2 Qb6 26. Nc5 Rxc5 27. dxc5 Qxc5 28. Kb1 d4 29. Bf5 Qxe5 30. Bxe6 Rxe6 31. Qd3 Qe3 32. Qf5 Qe4+ 33. Qxe4 Rxe4 34. Rd2 Rh4 35. Rdf2 f6 36. Rd1 Kf7 37. g3 Re4 38. Rc2 f5 39. Rc7+ Re7 40. Rxe7+ Kxe7 41. Rc1 Be5 42. Rc6 Bd6 43. Kc2 g4 44. Kd3 f4 45. gxf4 g3 46. Rc2 Bxf4 47. Kxd4 Kf6 48. Ke4 Kg5 49. Kf3 Be5 50. Rc5 Kf5 51. b3 Ke6 52. Rc6+ Bd6 53. Rxa6 Kd5 54. a4 bxa4 55. bxa4 1-0